 Dungeon Crawl Stone Soup version 0.13.1-26-g838d096 (webtiles) character file.

553 Czerbonog the Cutter (level 7, 0/43 HPs)
             Began as a Kobold Berserker on Jan 22, 2014.
             Was a Priest of Trog.
             Slain by an orc
             ... wielding a +0,+1 orcish hand axe
              (4 damage)
             ... on Level 4 of the Dungeon.
             The game lasted 00:11:05 (3410 turns).

Czerbonog the Cutter (Kobold Berserker)             Turns: 3410, Time: 00:11:06

HP   0/43        AC  3     Str 16      XL: 7   Next:  0%
MP   6/6         EV 16     Int  5      God: Trog [***...]
Gold 189         SH  0     Dex 17      Spells:  0 memorised,  6 levels left

Res.Fire  : . . .   See Invis. : .   o - +0,+2 dagger (flame)
Res.Cold  : . . .   Warding    : .   f - +0 leather armour (curse)
Life Prot.: . . .   Conserve   : .   (no shield)
Res.Poison: .       Res.Corr.  : .   (no helmet)
Res.Elec. : .       Clarity    : .   (no cloak)
Sust.Abil.: . .     Spirit.Shd : .   (no gloves)
Res.Mut.  : .       Stasis     : .   (no boots)
Res.Rott. : .       Flight     : .   (no amulet)
Saprovore : + + .                    (no ring)
                                     (no ring)

@: exhausted, slowed, very slow, slightly resistant to hostile enchantments,
quite stealthy
A: disease resistance, carnivore 3, saprovore 2
a: Burn Spellbooks, Berserk, Trog's Hand, Renounce Religion


You were on level 4 of the Dungeon.
You worshipped Trog.
Trog was most pleased with you.
You were not hungry.

You visited 1 branch of the dungeon, and saw 4 of its levels.

You collected 169 gold pieces.

Inventory:

Hand weapons
 a - a +0,+0 short sword
 i - a +2,+1 dwarven dagger of venom (quivered)
 o - a +0,+2 dagger of flaming (weapon)
Armour
 b - a +0 animal skin
 f - a cursed +0 leather armour (worn)
 p - a +0 pair of gauntlets
Comestibles
 c - 3 meat rations
Scrolls
 d - 3 scrolls of magic mapping {unknown}
 g - a scroll of curse armour {unknown}
 h - a scroll of fear
 j - a scroll of curse weapon {unknown}
 k - 2 scrolls of teleportation {unknown}
 n - 2 scrolls of fog {unknown}
 q - 2 scrolls of remove curse {unknown}
 r - a scroll of enchant armour {unknown}
 s - a scroll of enchant weapon II {unknown}
 v - a scroll of noise {unknown}
 x - a scroll of identify {unknown}
Jewellery
 l - an uncursed amulet of resist mutation {unknown}
Potions
 e - a potion of restore abilities {unknown}
 m - 2 potions of heal wounds {unknown}
 t - a potion of flight
 u - a potion of poison {unknown}
 w - a potion of berserk rage {unknown}


   Skills:
 - Level 3.5 Fighting
 + Level 5.8 Short Blades
 - Level 1.8 Armour
 * Level 5.2 Dodging
 * Level 5.2 Stealth


You had 6 spell levels left.
You didn't know any spells.

Dungeon Overview and Level Annotations

Branches:
Dungeon (4/27)
 Temple: D:4-7

Altars:


Innate Abilities, Weirdness & Mutations

You recuperate from illness quickly.
You are small and have problems with some larger weapons.
You are carnivorous and can eat meat at any time.
You can eat rotten meat.


Message History

The orc shouts!
Things that are here:
an orcish dagger; an orcish robe; an orc corpse The orc priest shouts!
The orc hits you with an orcish hand axe.
* * * LOW HITPOINT WARNING * * *
There is an open door here.
Drink which item? (? for menu, Esc to quit)
Okay, then.
You hit the orc priest but do no damage.
The orc priest closely misses you. The orc closely misses you.
You barely miss the orc priest.
The orc priest hits you with an orcish short sword.
* * * LOW HITPOINT WARNING * * *
The orc hits you with an orcish hand axe.
* * * LOW HITPOINT WARNING * * *
You hit the orc priest but do no damage.
The orc priest hits you but does no damage.
The orc hits you with an orcish hand axe.
You die...

.§....... ... §§....#####
#....# ≈ #.[)#......#....#
§≈.≈§ #...#......#....#
§≈≈.≈≈≈#...#......#....#
≈≈≈≈[≈§≈#...#......#....#
§≈≈≈≈.≈§≈#...#......#....#
≈≈≈≈≈§.≈≈≈#..)#o.....#....#
≈≈≈≈≈≈≈.≈≈ #...@o.....#....#
.§......≈###...#......#....#
≈≈.............######'#....#
§≈≈.........................#
§≈≈.....)........>..........#
≈≈≈............########.....#
##.####+#.....# #.....#
#.#....#.....# #.....#
#.#....#.....# #.<...#


You could see an orc priest and an orc.

Vanquished Creatures
  An ogre (D:3)
  A phantom (D:4)
  An orc priest (D:4)
  An orc wizard (D:4)
  4 adders
  4 giant geckos
  2 orcs (D:4)
  8 bats
  2 giant cockroaches
  7 goblins
  18 hobgoblins
  7 jackals
  7 kobolds
  2 ball pythons
  6 giant newts
  A goblin skeleton (D:4)
  2 quokkas
  A quokka skeleton (D:4)
  9 rats
84 creatures vanquished.

Notes
Turn   | Place    | Note
--------------------------------------------------------------
     0 | D:1      | Czerbonog, the Kobold Berserker, began the quest for the Orb.
     0 | D:1      | Reached XP level 1. HP: 14/14 MP: 0/0
   195 | D:1      | Reached XP level 2. HP: 12/19 MP: 1/1
   496 | D:1      | Reached XP level 3. HP: 16/24 MP: 2/2
   815 | D:2      | Acquired Trog's second power
   969 | D:2      | Reached XP level 4. HP: 22/28 MP: 3/3
  1180 | D:2      | Reached skill level 1 in Stealth
  1191 | D:2      | Paralysed by a potion of paralysis for 2 turns
  2032 | D:3      | Noticed an ogre
  2040 | D:3      | Killed an ogre
  2040 | D:3      | Reached skill level 5 in Short Blades
  2040 | D:3      | Reached XP level 5. HP: 28/33 MP: 4/4
  2382 | D:3      | Reached XP level 6. HP: 38/38 MP: 5/5
  2890 | D:4      | Reached skill level 5 in Dodging
  3397 | D:4      | Reached skill level 5 in Stealth
  3405 | D:4      | Reached XP level 7. HP: 22/43 MP: 6/6
  3410 | D:4      | Slain by an orc

Action                   |  1- 3 |  4- 6 |  7- 9 || total
-------------------------+-------+-------+-------++-------
Melee: Short sword       |    37 |       |       ||    37
       Dagger            |    95 |   205 |     3 ||   303
Invok: Berserk           |     1 |     4 |       ||     5
       Burn Spellbooks   |       |     1 |       ||     1
  Use: Scroll            |     2 |       |       ||     2
       Potion            |       |     3 |       ||     3
 Stab: Sleeping          |       |     5 |       ||     5
